 Dungeon Crawl Stone Soup version 0.27.1-3-gb3d3a73c9e (webtiles) character file.

Game seed: 9056027430452067301

81 DearestLeader the Shield-Bearer (level 4, -1/38 HPs)
             Began as a Gnoll Wanderer on Oct 18, 2021.
             Slain by Crazy Yiuf (3 damage)
             ... while paralysed by Crazy Yiuf
             ... on level 2 of the Dungeon.
             The game lasted 00:03:14 (2279 turns).

DearestLeader the Shield-Bearer (Gnoll Wanderer)    Turns: 2279, Time: 00:03:14

Health: -1/38      AC: 11    Str: 10    XL:     4   Next: 40%
Magic:  5/5        EV:  2    Int: 14    God:
Gold:   167        SH:  0    Dex: 11    Spells: 5/5 levels left

rFire    . . .     SeeInvis .   a - +2 hand axe
rCold    . . .     Faith    .   c - +0 buckler
rNeg     . . .     Spirit   .   n - +0 chain mail
rPois    .         Reflect  .   l - +1 helmet
rElec    .         Harm     .   (no cloak)
rCorr    .         Rampage  .   (no gloves)
Will     .....                  (no boots)
Stlth    ..........             (no amulet)
HPRegen  0.12/turn              (no ring)
MPRegen  0.09/turn              (no ring)

@: paralysed, mighty, lethally poisoned (-1 -> -5), attractive
A: fangs 1, strong nose, distributed training
a: no special abilities


You were on level 2 of the Dungeon.
You visited 1 branch of the dungeon, and saw 2 of its levels.

You collected 167 gold pieces.

Inventory:

Hand Weapons
 a - a +2 hand axe (weapon)
Missiles
 j - 25 poisoned darts (quivered)
Armour
 c - a +0 buckler (worn)
 d - a +0 robe
 h - a +0 helmet
 l - a +1 helmet (worn)
 n - a +0 chain mail (worn)
Magical Staves
 g - a staff of cold
Scrolls
 e - 4 scrolls of fog
 f - 3 scrolls of enchant armour {unknown}
 i - 2 scrolls of identify {unknown}
 k - a scroll of brand weapon {unknown}
 o - a scroll of fear {unknown}
 p - 3 scrolls of vulnerability {unknown}
 q - a scroll of amnesia {unknown}
Potions
 m - a potion of degeneration {unknown}
 r - a potion of attraction


   Skills:
 + Level 4.6 Fighting
 + Level 1.1 Short Blades
 + Level 1.1 Long Blades
 + Level 4.6 Axes
 + Level 1.1 Maces & Flails
 + Level 1.1 Polearms
 + Level 2.7 Staves
 + Level 1.1 Slings
 + Level 1.1 Bows
 + Level 1.1 Crossbows
 + Level 1.1 Throwing
 + Level 4.6 Armour
 + Level 1.1 Dodging
 + Level 2.5 Stealth
 + Level 4.6 Shields
 + Level 1.1 Unarmed Combat
 + Level 1.1 Spellcasting
 + Level 0.9 Conjurations
 + Level 0.9 Hexes
 + Level 0.9 Summonings
 + Level 0.9 Necromancy
 + Level 0.9 Translocations
 + Level 0.9 Transmutations
 + Level 0.9 Fire Magic
 + Level 0.9 Ice Magic
 + Level 0.9 Air Magic
 + Level 0.9 Earth Magic
 + Level 0.9 Poison Magic
 + Level 1.2 Invocations
 + Level 1.1 Evocations


You had 5 spell levels left.
You didn't know any spells.
Your spell library was empty.

Dungeon Overview and Level Annotations

Branches:
Dungeon (2/15)

Altars:
Fedhas

Shops:
D:1 :

Annotations:
D:2 Crazy Yiuf


Innate Abilities, Weirdness & Mutations

You have very sharp teeth.
Your uncanny sense of smell can sniff out nearby items.
Your experience applies equally to all skills.


Message History

Crazy Yiuf is lightly wounded.
You feel very sick. You block Crazy Yiuf's attack.
You closely miss Crazy Yiuf.
You feel sick.
Crazy Yiuf says, "Proton!
Walk aubergine sing."
Crazy Yiuf hits you with a +2 quarterstaff of chaos.
Crazy Yiuf freezes you.
Crazy Yiuf hits you with a +2 quarterstaff of chaos.
Crazy Yiuf burns you.
You hit Crazy Yiuf.
Crazy Yiuf is moderately wounded.
You feel very sick.
Crazy Yiuf looks more healthy.
Crazy Yiuf sings, "Trees, trees, trees, circus!"
Crazy Yiuf hits you with a +2 quarterstaff of chaos.
You feel very mighty all of a sudden.
You feel better.
Crazy Yiuf hits you with a +2 quarterstaff of chaos.
You are poisoned.
It was a potion of attraction.
You feel attractive to monsters.
* * * LOW HITPOINT WARNING * * *
You feel very sick. Crazy Yiuf hits you but does no damage.
As you read the scroll labelled IHASIR TUSCHIO, it crumbles to dust.
The scroll dissolves into smoke.
It was a scroll of fog.
* * * LOW HITPOINT WARNING * * *
You feel sick. Crazy Yiuf hits you but does no damage.
You suddenly lose the ability to move!
* * * LOW HITPOINT WARNING * * *
You feel sick.
Crazy Yiuf says, "Proton Xom arm!"
Crazy Yiuf hits you with a +2 quarterstaff of chaos.
* * * LOW HITPOINT WARNING * * *
Crazy Yiuf freezes you.
* * * LOW HITPOINT WARNING * * *
* * * LOW HITPOINT WARNING * * *
You feel sick.
Crazy Yiuf hits you with a +2 quarterstaff of chaos.
You die...

##.##..#...###....######..._.....
...##..#..## #+..+# #......###
...........# ♣....♣ #......###
##.##..#..## ♣...♣♣ #.####.#.#
#.##..#..# ♣♣.♣♣ #.# #.....
##.##..#..## ♣.♣♣ #.# #.....
...........# ♣♣§♣ #.# #.##.#
....#..#...# ♣§♣♣ #.# #.##.#
...........# ♣♣@♣ #.# #.##.#
##..####...# #g# #.# #.##..
#..####...# §§§ #.# #.....
#.........# #...# #.# ####.#
#.######..# #..)# #.# #.# #.#
#.## ##### ###.######.# #.# #..#
#..........# ##.#
################.######## ...#
#........####.#


You could see Crazy Yiuf.

Vanquished Creatures
  2 adders (D:2)
  5 dart slugs
  7 ball pythons
  5 endoplasms
  3 giant cockroaches (D:1)
  4 goblins
  6 hobgoblins
  4 jackals (D:1)
  A quokka (D:1)
  2 bats
  4 frilled lizards (D:1)
  2 kobolds
  3 rats
48 creatures vanquished.

Notes
Turn   | Place    | Note
-------+----------+-------------------------------------------
     0 | D:1      | DearestLeader the Gnoll Wanderer began the quest for the
                  | Orb.
     0 | D:1      | DearestLeader set off with the following items: a +2 hand
                  | axe, a potion of curing, a +0 buckler, a +0 robe
     0 | D:1      | Reached XP level 1. HP: 20/20 MP: 1/1
   225 | D:1      | Reached XP level 2. HP: 25/26 MP: 2/2
   581 | D:1      | Reached XP level 3. HP: 20/31 MP: 3/3
   821 | D:1      | Found Coudgh's Book Emporium.
   955 | D:1      | Reached skill level 1 in Invocations
   961 | D:1      | Found a faded altar of an unknown god.
  1542 | D:2      | Reached skill level 1 in Short Blades
  1542 | D:2      | Reached skill level 1 in Long Blades
  1542 | D:2      | Reached skill level 1 in Maces & Flails
  1542 | D:2      | Reached skill level 1 in Polearms
  1542 | D:2      | Reached skill level 1 in Slings
  1542 | D:2      | Reached skill level 1 in Bows
  1542 | D:2      | Reached skill level 1 in Crossbows
  1542 | D:2      | Reached skill level 1 in Throwing
  1542 | D:2      | Reached skill level 1 in Dodging
  1542 | D:2      | Reached skill level 1 in Unarmed Combat
  1542 | D:2      | Reached skill level 1 in Spellcasting
  1542 | D:2      | Reached skill level 1 in Evocations
  1621 | D:2      | Reached XP level 4. HP: 38/38 MP: 5/5
  1695 | D:2      | Found a blossoming altar of Fedhas.
  2030 | D:2      | Found a runed translucent door.
  2031 | D:2      | Noticed Crazy Yiuf
  2277 | D:2      | Paralysed by Crazy Yiuf for 7 turns
  2279 | D:2      | Slain by Crazy Yiuf

Illustrated notes

Levels and vault maps discovered:
D:1:      minmay_arrival_four_loops, layout_loops_cross,
          shapermc_ecumenical_altar_starsandcircs, serial_shops, shop
D:2:      layout_basic, basic_altar, chequers_serial_rivers_small_a,
          uniq_crazy_yiuf_cottage

Skill      XL: |  1  2  3 |
---------------+----------+-----
Invocations    | 1 |  1.2
Short Blades   | 1 |  1.1
Long Blades    | 1 |  1.1
Maces & Flails | 1 |  1.1
Polearms       | 1 |  1.1
Slings         | 1 |  1.1
Bows           | 1 |  1.1
Crossbows      | 1 |  1.1
Throwing       | 1 |  1.1
Dodging        | 1 |  1.1
Unarmed Combat | 1 |  1.1
Spellcasting   | 1 |  1.1
Evocations     | 1 |  1.1
Fighting       | |  4.6
Axes           | |  4.6
Staves         | |  2.7
Armour         | |  4.6
Stealth        | |  2.5
Shields        | |  4.6
Conjurations   | |  0.9
Hexes          | |  0.9
Summonings     | |  0.9
Necromancy     | |  0.9
Translocations | |  0.9
Transmutations | |  0.9
Fire Magic     | |  0.9
Ice Magic      | |  0.9
Air Magic      | |  0.9
Earth Magic    | |  0.9
Poison Magic   | |  0.9

Action                   |  1- 3 |  4- 6 || total
-------------------------+-------+-------++-------
Melee: Hand axe          |   115 |    29 ||   144
       Bite              |     8 |       ||     8
Throw: Dart              |       |     1 ||     1
  Use: Potion            |       |     2 ||     2
       Scroll            |       |     1 ||     1
 Stab: Sleeping          |     5 |       ||     5
Armor: Robe              |    23 |       ||    23
       Chain mail        |    10 |    19 ||    29
Dodge: Dodged            |    44 |     5 ||    49
Block: Buckler           |    21 |     4 ||    25
